 Dungeon Crawl Stone Soup version 0.28-a0-1227-ga9037bb4c8 (webtiles) character file.

Game seed: 17804362949846481487

133 Ijustatesigmund the Chopper (level 5, -7/47 HPs)
             Began as a Hill Orc Fighter on Dec 22, 2021.
             Killed from afar by Ijyb (10 damage)
             ... with a puff of flame
             ... on level 3 of the Dungeon.
             The game lasted 00:02:43 (2319 turns).

Ijustatesigmund the Chopper (Hill Orc Fighter)      Turns: 2319, Time: 00:02:44

Health: -7/47      AC:  6    Str: 18 (19) XL:     5   Next: 16%
Magic:  5/5        EV:  9    Int:  7 (10) God:
Gold:   68         SH:  4    Dex:  8 (10) Spells: 4/4 levels left

rFire   . . .      SeeInvis .   a - +0 war axe
rCold   . . .      Faith    .   c - +0 buckler
rNeg    . . .      Spirit   .   b - +0 scale mail
rPois   .          Reflect  .   (no helmet)
rElec   .          Harm     .   (no cloak)
rCorr   .          Rampage  .   (no gloves)
Will    .....                   (no boots)
Stlth   ..........              (no amulet)
HPRegen 0.15/turn               (no ring)
MPRegen 0.09/turn               (no ring)

@: no status effects
A: no striking features
a: no special abilities


You were on level 3 of the Dungeon.
You visited 1 branch of the dungeon, and saw 3 of its levels.

You collected 68 gold pieces.

Inventory:

Hand Weapons
 a - a +0 war axe (weapon)
 h - a +0 morningstar
Armour
 b - a +0 scale mail (worn)
 c - a +0 buckler (worn)
Potions
 f - a potion of degeneration
 g - a potion of heal wounds {unknown}
 i - a potion of flight {unknown}


   Skills:
 + Level 4.8 Fighting
 + Level 5.7 Axes
 + Level 3.3 Armour
 - Level 0.3 Stealth
 - Level 3.3 Shields


You had 4 spell levels left.
You didn't know any spells.
Your spell library was empty.

Dungeon Overview and Level Annotations

Branches:
Dungeon (3/15)

Altars:

Shops:
D:2 [

Annotations:
D:3 Ijyb


Message History

You block Ijyb's attack.
You closely miss Ijyb. Ijyb hits you with a +0 club.
You hit Ijyb but do no damage. Ijyb hits you with a +0 club.
You hit Ijyb but do no damage. You block Ijyb's attack.
Ijyb grins evilly.
Ijyb hits you with a +0 club.
You hit Ijyb.
Ijyb is lightly wounded.
Ijyb zaps a wand.
The puff of flame hits you.
You hit Ijyb but do no damage.
Ijyb is lightly wounded.
Ijyb hits you with a +0 club.
You hit Ijyb but do no damage.
Ijyb is lightly wounded.
Ijyb hits you with a +0 club. Ijyb barely misses you.
You barely miss Ijyb.
Ijyb is lightly wounded.
Ijyb screams, "Me stronger than you!" You block Ijyb's attack.
It was a potion of degeneration.
There was something very wrong with that liquid.
You feel weakened.
You feel dopey.
You feel clumsy.
Ijyb zaps a wand.
The puff of flame hits you!
It was a potion of curing.
You feel better.
Ijyb zaps a wand.
The puff of flame hits you.
You closely miss Ijyb.
Ijyb is lightly wounded.
You block Ijyb's attack.
You barely miss Ijyb.
Ijyb is lightly wounded.
You block Ijyb's attack.
You closely miss Ijyb.
Ijyb is lightly wounded.
Ijyb zaps a wand.
The puff of flame hits you.
* * * LOW HITPOINT WARNING * * *
Ijyb zaps a wand.
The puff of flame hits you!
* * * LOW HITPOINT WARNING * * *
It was a potion of magic.
Magic courses through your body.
Ijyb zaps a wand.
The puff of flame hits you!
You die...

#.# #.# # #.# .# #.#
###.# #.###.#### #... .
#........####.# #..
#.........#
#....##.######.)###.###
#....@# #......<..
#....##g# ##..#######
#... ... #...# ...
...## ##.<# .# ###.#
#.## #.# #.# #.# #.#
#.. .. .#


You could see Ijyb.

Vanquished Creatures
  A scorpion (D:2)
  Natasha (D:2)
  2 adders (D:2)
  5 ball pythons
  2 endoplasms (D:1)
  A giant cockroach (D:2)
  4 goblins
  3 hobgoblins (D:1)
  2 jackals (D:1)
  A quokka (D:1)
  4 bats
  5 frilled lizards
  4 rats
35 creatures vanquished.

Notes
Turn   | Place    | Note
-------+----------+-------------------------------------------
     0 | D:1      | Ijustatesigmund the Hill Orc Fighter began the quest for
                  | the Orb.
     0 | D:1      | Reached XP level 1. HP: 19/19 MP: 1/1
   228 | D:1      | Reached skill level 3 in Axes
   344 | D:1      | Reached XP level 2. HP: 20/27 MP: 2/2
   953 | D:1      | Reached XP level 3. HP: 31/33 MP: 3/3
  1139 | D:2      | Noticed Natasha
  1142 | D:2      | Reached skill level 4 in Axes
  1149 | D:2      | Killed Natasha
  1419 | D:2      | Noticed a scorpion
  1433 | D:2      | Killed a scorpion
  1434 | D:2      | Reached skill level 5 in Axes
  1434 | D:2      | Reached XP level 4. HP: 30/41 MP: 4/4
  1571 | D:2      | Found Laro's Antique Armour Emporium.
  1832 | D:2      | Reached XP level 5. HP: 40/47 MP: 5/5
  2056 | D:2      | Found a faded altar of an unknown god.
  2304 | D:3      | Noticed Ijyb
  2319 | D:3      | Killed from afar by Ijyb

Illustrated notes

Levels and vault maps discovered:
D:1:      co_arrival_square_in_a_square_in_a_square, layout_basic
D:2:      layout_loops_corners, serial_shops, shop, basic_ecumenical_altar,
          minmay_misc_feat_tower, uniq_natasha
D:3:      minmay_roachtagon, layout_loops_ring, nicolae_ashenzari_panopticon,
          elyvilon_altar_3, gup_sewer_entry_bowl, minmay_checkerbox,
          uniq_terence, uniq_sigmund, uniq_ijyb, uniq_robin

Skill      XL: |  1  2  3 |
---------------+----------+-----
Axes           | 3 5 |  5.7
Fighting       | 4 |  4.8
Armour         | |  3.3
Stealth        | |  0.3
Shields        | |  3.3

Action                   |  1- 3 |  4- 6 || total
-------------------------+-------+-------++-------
Melee: War axe           |   112 |    41 ||   153
  Use: Scroll            |     1 |       ||     1
       Potion            |     1 |     3 ||     4
Armor: Scale mail        |    49 |    13 ||    62
Dodge: Dodged            |    74 |    16 ||    90
Block: Buckler           |    18 |    13 ||    31

Table legend: (Time is in decaauts)
 A = Elapsed time spent in this place.
 B = Non-inter-level travel time spent in this place.
 C = Inter-level travel time spent in this place.
 D = Time resting spent in this place.
 E = Time spent auto-exploring this place.
 F = Levels seen in this place.
 G = Mean time per level.
                   A        B        C        D        E       F      G
               +--------+--------+--------+--------+--------+-----+--------+
         Total |   2372 |   2346 |     26 |    237 |   1759 |   3 |  790.7 |
       Dungeon |   2372 |   2346 |     26 |    237 |   1759 |   3 |  790.7 |
               +--------+--------+--------+--------+--------+-----+--------+

Top non-repeatable levels by time:
     D:2: 1218 daAuts
     D:1: 1123 daAuts
     D:3: 29 daAuts
